 Dungeon Crawl Stone Soup version 0.31-a0-920-g28cbb04a8c (webtiles) character file.

Game seed: 5826907249979002454

116 Ahpoh the Slasher (level 5, 0/42 HPs)
             Began as a Barachi Fighter on Oct 16, 2023.
             Slain by an ogre
             ... wielding a +0 giant club
              (19 damage)
             ... on level 4 of the Dungeon on Oct 17, 2023.
             The game lasted 00:10:01 (2764 turns).

Ahpoh the Slasher (Barachi Fighter)                 Turns: 2764, Time: 00:10:02

Health: 0/42       AC:  9    Str: 18    XL:     5   Next: 1%
Magic:  5/5        EV:  7    Int:  8    God:
Gold:   149        SH:  5    Dex: 13    Spells: 4/4 levels left

rFire   + . .        a - +0 long sword
rCold   + . .        c - +0 buckler
rNeg    . . .        e - +0 chain mail
rPois   .            (no helmet)
rElec   .            h - scarf {rC+ rF+}
rCorr   .            (no gloves)
SInv    +            (no boots)
Will    .....        (no amulet) Stlth
                     s - ring of flight
HPRegen 0.27/turn    q - ring of see invisible
MPRegen 0.09/turn

%: no passive effects
@: mighty, unable to hop, attractive, flying, slow
A: amphibious, slowness 1, strong legs 1, +LOS
a: Hop


You were on level 4 of the Dungeon.
You visited 1 branch of the dungeon, and saw 4 of its levels.

You collected 149 gold pieces.

Inventory:

Hand Weapons
 a - a +0 long sword (weapon)
Armour
 c - a +0 buckler (worn)
 e - a +0 chain mail (worn)
 h - a scarf of resistance (worn)
Jewellery
 n - an amulet of guardian spirit
 q - a ring of see invisible (right hand)
 s - a ring of flight (left hand)
Wands
 o - a wand of polymorph (6)
Scrolls
 b - a scroll of fear {unknown}
 g - a scroll of noise {unknown}
 i - a scroll of acquirement {unknown}
 k - a scroll of enchant weapon {unknown}
 l - a scroll of teleportation {unknown}
 m - a scroll of enchant armour {unknown}
Potions
 j - 3 potions of curing
 p - a potion of mutation


   Skills:
 * Level 4.3 Fighting
 * Level 4.7 Long Blades
 * Level 4.3 Armour
 * Level 3.7 Shields


You had 4 spell levels left.
You didn't know any spells.
Your spell library contained the following spells:

 Spells                   Type           Power      Damage    Failure   Level
 Blink                    Tloc           0%         N/A       100%        2
 Lesser Beckoning         Tloc           0%         N/A       100%        2
 Momentum Strike          Conj/Tloc      0%         3d8       100%        2


Dungeon Overview and Level Annotations

Branches:
Dungeon (4/15)
 Temple: D:4-7

Altars:


Innate Abilities, Weirdness & Mutations

You are amphibious.
You cover ground slowly.
You can hop short distances.
You have an extended range of vision and can be seen from far away.


Message History

There is a stone staircase leading down here.
You fly downwards.
There is a stone staircase leading up here.
There is a stone staircase leading down here.
You fly downwards.
There is a stone staircase leading up here.
Things that are here:
a +0 dagger; a +0 leather armour; a +2 vampiric dagger
There is a stone staircase leading down here.
You fly downwards.
There is a stone staircase leading up here.
Found a scroll labelled AVUSUW FEVVEB.
g - a scroll labelled AVUSUW FEVVEB An ogre comes into view.
It is wielding a +0 giant club.
The ogre shouts!
The ogre closely misses you.
Okay, then.
Okay, then.
Hop to where?
Press: ? - help, Dir - move target Boing!
Okay, then.
As you read the scroll labelled SUIR XYACOQ, it crumbles to dust.
It is a scroll of identify.
j - 3 potions of curing
As you read the scroll of identify, it crumbles to dust.
p - a potion of mutation
Okay, then.
It was a potion of attraction.
You feel attractive to monsters.
You feel very mighty all of a sudden. You block the ogre's attack.
You hit the ogre.
The ogre is lightly wounded.
The ogre hits you with a +0 giant club!!
Ouch! That really hurt!
You slash the ogre!
The ogre is heavily wounded.
The ogre hits you with a +0 giant club!!
You die...

#####...# ....#
#.......# ....#
##.###..###+####....##
#...#..##...........#
###.#..##...........#
#.#..##...........#
#.#..##...........#
#.#..##...........+
#.#...+...O@...#
#.#####........#
#........#######
##########


You could see an ogre.

Vanquished Creatures
  Ijyb (D:3)
  Robin (D:2)
  3 bats (D:1)
  6 endoplasms
  2 giant cockroaches (D:1)
  10 goblins
  8 hobgoblins
  15 jackals
  2 quokkas
  4 ball pythons
  3 frilled lizards (D:3)
  7 kobolds
  8 rats
70 creatures vanquished.

Notes
Turn   | Place    | Note
-------+----------+-------------------------------------------
     0 | D:1      | Ahpoh the Barachi Fighter began the quest for the Orb.
     0 | D:1      | Reached XP level 1. HP: 18/18 MP: 1/1
   140 | D:1      | You fall into a shaft and drop 1 floor!
   158 | D:2      | Reached XP level 2. HP: 22/25 MP: 2/2
   490 | D:1      | Reached XP level 3. HP: 28/30 MP: 3/3
  1138 | D:2      | Noticed Robin
  1165 | D:2      | Killed Robin
  1173 | D:2      | Reached XP level 4. HP: 37/37 MP: 4/4
  1691 | D:3      | Noticed Ijyb
  1727 | D:3      | Killed Ijyb
  2027 | D:3      | Upgraded the game from 0.31-a0-889-g1a8549509d to
                  | 0.31-a0-920-g28cbb04a8c
  2241 | D:3      | Reached XP level 5. HP: 42/42 MP: 5/5
  2755 | D:4      | Noticed an ogre
  2764 | D:4      | Slain by an ogre

Illustrated notes

Levels and vault maps discovered:
D:1:      onia_arrival_mini_maze, layout_basic, hex_large, nicolae_titane
D:2:      minmay_alternating_diamond, layout_loops_ring, uniq_robin
D:3:      layout_basic, serial_glass, glass_columns_a, glass_columns_c,
          minmay_strange_pillars, uniq_ijyb
D:4:      layout_basic

Skill      XL: |  1  2  3  4 |
---------------+-------------+-----
Armour         | 4 |  4.3
Long Blades    | 3 4 |  4.7
Fighting       | 4 |  4.3
Shields        | |  3.7

Action                     |  1- 3 |  4- 6 || total
---------------------------+-------+-------++-------
  Melee: Long sword        |   147 |   112 ||   259
         Unarmed           |       |     9 ||     9
Ability: Hop               |       |     1 ||     1
    Use: Scroll            |       |     2 ||     2
         Potion            |       |     2 ||     2
 Armour: Chain mail        |   153 |    62 ||   215
         Scale mail        |     1 |       ||     1
         Skin              |       |    21 ||    21
  Dodge: Dodged            |    91 |    39 ||   130
  Block: Buckler           |    49 |    30 ||    79

Table legend: (Time is in decaauts)
 A = Elapsed time spent in this place.
 B = Non-inter-level travel time spent in this place.
 C = Inter-level travel time spent in this place.
 D = Time resting spent in this place.
 E = Time spent auto-exploring this place.
 F = Levels seen in this place.
 G = Mean time per level.
                   A        B        C        D        E       F      G
               +--------+--------+--------+--------+--------+-----+--------+
         Total |   3288 |   3022 |    266 |      0 |   2142 |   4 |  822.0 |
       Dungeon |   3288 |   3022 |    266 |      0 |   2142 |   4 |  822.0 |
               +--------+--------+--------+--------+--------+-----+--------+

Top non-repeatable levels by time:
     D:1: 1107 daAuts
     D:2: 1077 daAuts
     D:3: 1016 daAuts
     D:4: 87 daAuts
